 Dungeon Crawl Stone Soup version 0.27-a0-3-gcf006a40f5 (webtiles) character file.

Game seed: 16088264273205862206

3314 Goblin1989 the Slicer (level 10, -18/59 HPs)
             Began as a Kobold Gladiator on Jan 1, 2021.
             Was an Elder of Uskayaw.
             Killed from afar by a fire dragon (48 damage)
             ... with a blast of flame
             ... on level 9 of the Dungeon.
             The game lasted 00:17:57 (10355 turns).

Goblin1989 the Slicer (Kobold Gladiator)           Turns: 10355, Time: 00:17:58

Health: -18/59     AC:  4    Str: 14    XL:     10   Next: 21%
Magic:  8/11       EV: 18    Int: 10    God:    Uskayaw [****..]
Gold:   388        SH:  0    Dex: 17    Spells: 9/9 levels left

rFire    . . .     SeeInvis .   a - +0 rapier
rCold    . . .     Faith    .   (shield restricted)
rNeg     . . .     Spirit   .   b - +0 leather armour
rPois    .         Reflect  .   c - +0 helmet
rElec    .         Harm     .   (no cloak)
rCorr    .         Rampage  .   (no gloves)
Will     .....                  (no boots)
Stlth    ++........             (no amulet)
HPRegen  0.19/turn              (no ring)
MPRegen  0.12/turn              (no ring)

@: no status effects
A: small, nightstalker 3
a: Renounce Religion, Stomp, Line Pass


You were on level 9 of the Dungeon.
You worshipped Uskayaw.
Uskayaw was noncommittal.
You visited 2 branches of the dungeon, and saw 9 of its levels.

You collected 388 gold pieces.

Inventory:

Hand Weapons
 a - a +0 rapier (weapon)
 H - the +5 dagger "Xayve" {drain, rF+ Int+2, unknown}
   (You found it on level 6 of the Dungeon)

   A truly terrible weapon, it drains the life of those it strikes.
   It affects your intelligence (+2).
   It protects you from fire.
Missiles
 O - 2 atropa-tipped darts
 V - 220 stones {@Q3}
 Z - 2 throwing nets (quivered) {!d , @Q1}
Armour
 b - a +0 leather armour (worn)
 c - a +0 helmet (worn)
 K - a +0 pair of boots
 Q - a +1 robe of willpower
Jewellery
 I - a +4 ring of evasion {unknown}
 S - an uncursed ring of stealth {unknown}
 X - an uncursed amulet of magic regeneration {unknown}
Wands
 L - a wand of polymorph (16)
 R - a wand of flame (17) {@v6}
Scrolls
 F - 2 scrolls of noise {unknown}
 J - a scroll of immolation {unknown}
 M - a scroll of magic mapping {unknown}
 N - a scroll of fog {unknown}
 P - 3 scrolls of enchant armour {unknown}
 T - 6 scrolls of teleportation {!r, @r2}
 W - 7 scrolls of identify {unknown}
 Y - 6 scrolls of remove curse {unknown}
Potions
 C - a potion of attraction {unknown}
 D - a potion of lignification {unknown}
 E - 2 potions of ambrosia {unknown}
 G - a potion of heal wounds {unknown}
 U - 4 potions of curing {@q1}


   Skills:
 + Level 5.0 Fighting
 - Level 14.0 Short Blades
 * Level 5.9 Throwing
 + Level 1.6 Armour
 + Level 6.2 Dodging
 + Level 2.3 Invocations


You had 9 spell levels left.
You didn't know any spells.
Your spell library contained the following spells:

 Spells                   Type           Power        Failure   Level
 Summon Small Mammal      Summ           0%           43%         1
 Call Imp                 Summ           0%           56%         2
 Call Canine Familiar     Summ           0%           80%         3
 Summon Guardian Golem    Hex/Summ       0%           80%         3
 Summon Ice Beast         Ice/Summ       0%           99%         4
 Summon Lightning Spire   Summ/Air       0%           99%         4


Dungeon Overview and Level Annotations

Branches:
Dungeon (9/15)             Temple (1/1) D:7
   Lair: D:8-11         Orc: D:9-12

Altars:
Dithmenos
Elyvilon
Fedhas
Hepliaklqana
Kikubaaqudgha
Nemelex Xobeh
Okawaru
Qazlal
Ru
Sif Muna
Trog
Uskayaw
Vehumet
Zin

Shops:
D:5 (

Annotations:
D:6 Prince Ribbit
D:7 1 exclusion, Jessica
D:9 exclusion: ice statue


Innate Abilities, Weirdness & Mutations

You are small and have problems with some larger weapons.
You are completely attuned to the shadows.


Message History

The orc warrior completely misses you.
You closely miss the orc warrior.
The orc warrior is moderately wounded.
You puncture the orc warrior!
The orc warrior is severely wounded.
The orc warrior completely misses you.
You can now pass through a line of other dancers.
You hit the orc warrior but do no damage.
The orc warrior is severely wounded.
Health restored: 58 You barely miss the orc warrior.
The orc warrior is severely wounded.
You hit the orc warrior but do no damage.
The orc warrior is severely wounded.
The orc warrior barely misses you.
You hit the orc warrior but do no damage.
The orc warrior is severely wounded.
You hit the orc warrior.
The orc warrior is severely wounded.
The orc warrior hits you with a +0 scimitar!
You take 12 damage, and have 46/58 hp.
MASSIVE DAMAGE!!
You hit the orc warrior.
The orc warrior is almost dead.
You hit the orc warrior.
You kill the orc warrior!
A necrophage comes into view.
The worker ant bites you. The orc hits you with a +0 flail!
A fire dragon comes into view.
Items here: ! ) [ †.
You take 11 damage, and have 35/58 hp.
You hit the worker ant but do no damage.
The worker ant bites you but does no damage.
The fire dragon breathes flames at you. The blast of flame misses you.
The orc completely misses you.
You puncture the worker ant!
The worker ant is heavily wounded.
The worker ant misses you.
Uskayaw will force your foes to helplessly watch your dance.
Uskayaw prepares the audience for your solo!
The helpless worker ant fails to defend itself.
You spit the worker ant like a pig!!!
You kill the worker ant!
The necrophage is no longer paralysed.
The fire dragon is no longer paralysed.
The helpless orc fails to defend itself.
You stick the orc like a pincushion!!!
You kill the orc!
You puncture the necrophage!
The necrophage is moderately damaged.
The necrophage hits you.
You feel drained.
Uskayaw will force your foes to share their pain.
Uskayaw links your audience in an emotional bond!
You take 6 damage, and have 30/56 hp.
You are too injured to fight recklessly!
You are too injured to fight recklessly!
You are too injured to fight recklessly!
You are too injured to fight recklessly!
You are too injured to fight recklessly!
You are too injured to fight recklessly!
You are too injured to fight recklessly!
You are too injured to fight recklessly!
You are too injured to fight recklessly!
You are too injured to fight recklessly!
You are too injured to fight recklessly!
You are too injured to fight recklessly!
You are too injured to fight recklessly!
You are too injured to fight recklessly!
You are too injured to fight recklessly!
You are too injured to fight recklessly!
You are too injured to fight recklessly!
You are too injured to fight recklessly!
You are too injured to fight recklessly!
You are too injured to fight recklessly!
You are too injured to fight recklessly!
You are too injured to fight recklessly!
You are too injured to fight recklessly!
You are too injured to fight recklessly!
Unknown command.
There is an open door, spattered with blood here.
You stomp with the beat, sending a shockwave through the revellers around you!
The necrophage is almost destroyed.
The necrophage hits you.
You take 1 damage, and have 29/56 hp.
You now have 8/11 mp.
You puncture the necrophage!
You destroy the necrophage!
Uskayaw will force your foes to share their pain.
Your life force feels restored.
Your Fighting skill increases to level 5!
Unknown command.
Aiming: Line Pass
Press: ? - help, Dir - move target
Okay, then.
Unknown command.
Okay, then.
Unknown command.
The fire dragon is no longer sharing its pain.
The fire dragon breathes flames at you. The blast of flame hits you!!!
Ouch! That really hurt!
You die... ██.██████████████.█ █8.8███████████ █.█ ██∆██( $(()$)(█

..█
█.███▲█▲█▲█▲██
.█ ██.██ █8.8█
██.██ █.█ ....
██@██....
█8.8█....
██.██)...
█.D).... ..
█.██.... ..
█8.8 .... .█
██.█ .... ..
█. .... .. ..


You could see a fire dragon (catching breath).

Vanquished Creatures
  Grinder (D:3)
  Sigmund (D:4)
  An orc warrior (D:9)
  A sky beast (D:5)
  2 ice beasts (D:7)
  2 black bears (D:7)
  2 ogres
  A phantom (D:9)
  2 necrophages
  4 centaurs
  7 bullfrogs
  5 killer bees (D:9)
  A howler monkey (D:5)
  A centaur zombie (D:9)
  A quasit (D:6)
  A hound (D:6)
  A jelly (D:7)
  3 orc wizards
  Terence (D:2)
  Natasha (twice) (D:2)
  2 bullfrog skeletons
  Ijyb (D:5)
  3 iguanas
  7 worker ants
  A hound skeleton (D:4)
  11 adders
  6 gnolls
  4 shadow imps
  A white imp (D:6)
  2 oozes
  An adder skeleton (D:4)
  An adder zombie (D:5)
  3 worms
  3 dart slugs (D:1)
  3 leopard geckos
  14 orcs
  10 bats
  4 giant cockroaches
  10 goblins
  4 hobgoblins
  12 jackals
  2 quokkas
  2 ball pythons
  7 frilled lizards
  7 kobolds
  A quokka zombie (D:7)
  10 rats
172 creatures vanquished.

Vanquished Creatures (others)
  4 plants (D:9)
4 creatures vanquished.

Grand Total: 176 creatures vanquished

Notes
Turn   | Place    | Note
-------+----------+-------------------------------------------
     0 | D:1      | Goblin1989 the Kobold Gladiator began the quest for the
                  | Orb.
     0 | D:1      | Reached XP level 1. HP: 12/12 MP: 1/1
   114 | D:1      | Reached XP level 2. HP: 10/17 MP: 2/2
   310 | D:1      | Reached skill level 5 in Short Blades
   450 | D:1      | Reached XP level 3. HP: 21/21 MP: 3/3
  1132 | D:2      | Reached skill level 6 in Short Blades
  1132 | D:2      | Reached XP level 4. HP: 26/26 MP: 4/4
  1690 | D:2      | Found an iron altar of Okawaru.
  1691 | D:2      | Noticed Natasha
  1705 | D:2      | Killed Natasha
  1706 | D:2      | Reached skill level 7 in Short Blades
  1706 | D:2      | Reached XP level 5. HP: 13/30 MP: 5/5
  2034 | D:2      | Found a white marble altar of Elyvilon.
  2035 | D:2      | Noticed Terence
  2065 | D:2      | Killed Terence
  2172 | D:2      | Found a radiant altar of Vehumet.
  2327 | D:2      | Noticed Natasha
  2335 | D:2      | Killed Natasha
  2567 | D:3      | Reached skill level 8 in Short Blades
  2583 | D:3      | Noticed a necrophage
  2604 | D:3      | Killed a necrophage
  2605 | D:3      | Reached XP level 6. HP: 4/35 MP: 6/6
  2919 | D:3      | You fall into a shaft and drop 1 floor!
  2953 | D:4      | Reached skill level 9 in Short Blades
  2985 | D:4      | Noticed an ogre
  3000 | D:4      | Killed an ogre
  3001 | D:4      | Reached XP level 7. HP: 16/40 MP: 7/7
  3202 | D:3      | Noticed Grinder
  3210 | D:3      | Paralysed by Grinder for 6 turns
  3222 | D:3      | Killed Grinder
  3223 | D:3      | Reached skill level 10 in Short Blades
  3439 | D:3      | Found a shadowy altar of Dithmenos.
  3590 | D:3      | You fall into a shaft and drop 2 floors!
  3590 | D:5      | Entered Level 5 of the Dungeon
  3959 | D:4      | Noticed Sigmund
  4059 | D:4      | Killed Sigmund
  4060 | D:4      | Reached skill level 11 in Short Blades
  4060 | D:4      | Reached XP level 8. HP: 25/44 MP: 8/8
  4844 | D:4      | Reached skill level 12 in Short Blades
  5080 | D:5      | Noticed Ijyb
  5091 | D:5      | Killed Ijyb
  5337 | D:5      | Found Immudaap's Weapon Shoppe.
  5656 | D:5      | Reached skill level 13 in Short Blades
  6119 | D:5      | Found a sacrificial altar of Ru.
  6469 | D:6      | Found a blossoming altar of Fedhas.
  6476 | D:6      | Got a pitted dagger
  7071 | D:6      | Noticed Prince Ribbit
  7385 | D:6      | Reached XP level 9. HP: 48/48 MP: 9/9
  7465 | D:6      | Found a glowing silver altar of Zin.
  7892 | D:7      | Reached skill level 14 in Short Blades
  8841 | D:7      | Reached skill level 5 in Dodging
  9457 | D:7      | Found a bloodstained altar of Trog.
  9478 | D:7      | Found a staircase to the Ecumenical Temple.
  9487 | Temple   | Entered the Ecumenical Temple
  9491 | Temple   | Became a worshipper of Uskayaw the Reveller
  9507 | D:7      | Reached * piety under Uskayaw
  9509 | D:7      | Reached ** piety under Uskayaw
  9519 | D:7      | Reached *** piety under Uskayaw
  9530 | D:7      | Reached **** piety under Uskayaw
  9635 | D:7      | Noticed Jessica
  9655 | D:7      | Found a shimmering blue altar of Sif Muna.
  9698 | D:7      | You fall into a shaft and drop 2 floors!
  9720 | D:9      | Noticed an ice statue
  9722 | D:9      | Reached skill level 1 in Invocations
  9751 | D:9      | Reached skill level 5 in Throwing
  9895 | D:9      | Reached XP level 10. HP: 51/58 MP: 9/11
 10001 | D:9      | Reached skill level 1 in Armour
 10063 | D:9      | Reached ***** piety under Uskayaw
 10344 | D:9      | Noticed a fire dragon
 10353 | D:9      | Reached skill level 5 in Fighting
 10355 | D:9      | Killed from afar by a fire dragon

Illustrated notes

Levels and vault maps discovered:
D:1:      nicolae_arrival_memento_mori, layout_loops_ring
D:2:      layout_basic, overflow_temple_1_default, grunt_temple_overflow_open,
          patterned_corridor, uniq_terence, uniq_natasha
D:3:      layout_basic, grunt_dithmenos_smoke_and_mirrors,
          chequers_serial_rivers_large_b, uniq_grinder
D:4:      lemuel_castle_with_subvaults [lemuel_castle_interior_original],
          layout_layer_cave, uniq_sigmund
D:5:      cheibrodos_helix_gallery, layout_loops_ring, marbit_many_paths,
          serial_shops, kennysheep_mini, kennysheep_generic_room_2, uniq_ijyb
D:6:      layout_basic, zin_scriptorium, basic_altar, uniq_prince_ribbit1
D:7:      layout_basic, trog_ov_bears_minmay, tgw_sif,
          minmay_temple_entry_statues_pillars
D:9:      wad_statue_garden, layout_basic, lemuel_mausoleum_altar_yredelemnul,
          grunt_gozag_breadcrumbs, gammafunk_ghost_wrathful_warriors,
          nzn_random_ring
Temple:   nicolae_temple_x_marks_the_god

Skill      XL: |  1  2  3  4  5  6  7  8  9 10 |
---------------+-------------------------------+-----
Short Blades   | 5 6 7 8 9 11 13 14 | 14.0
Dodging        | 5 6 |  6.2
Fighting       | 4 5 |  5.0
Throwing       | 5 |  5.9
Invocations    | 1 2 |  2.3
Armour         | 1 |  1.6

Action                   |  1- 3 |  4- 6 |  7- 9 | 10-12 || total
-------------------------+-------+-------+-------+-------++-------
Melee: Rapier            |   104 |   128 |   505 |    75 ||   812
Throw: Throwing net      |       |     1 |     4 |       ||     5
       Dart              |       |       |     2 |       ||     2
Invok: Stomp             |       |       |       |     1 ||     1
  Use: Potion            |       |       |     6 |     1 ||     7
       Scroll            |       |       |     1 |       ||     1
 Stab: Sleeping          |     6 |    14 |    16 |       ||    36
       Distracted        |       |       |     1 |       ||     1
       Paralysed         |       |       |     1 |     4 ||     5
       Held in net/web   |       |       |     1 |       ||     1
Armor: Leather armour    |    14 |    14 |    79 |     6 ||   113
Dodge: Dodged            |    80 |    49 |   282 |    45 ||   456

Table legend: (Time is in decaauts)
 A = Elapsed time spent in this place.
 B = Non-inter-level travel time spent in this place.
 C = Inter-level travel time spent in this place.
 D = Time resting spent in this place.
 E = Time spent auto-exploring this place.
 F = Levels seen in this place.
 G = Mean time per level.
                   A        B        C        D        E       F      G
               +--------+--------+--------+--------+--------+-----+--------+
         Total |  10119 |   9745 |    374 |   3071 |   5272 |   9 | 1124.3 |
       Dungeon |  10111 |   9741 |    370 |   3071 |   5272 |   8 | 1263.9 |
        Temple |      8 |      4 |      4 |      0 |      0 |   1 |    8.0 |
               +--------+--------+--------+--------+--------+-----+--------+

Top non-repeatable levels by time:
     D:6: 1877 daAuts
     D:5: 1687 daAuts
     D:2: 1396 daAuts
     D:7: 1360 daAuts
     D:3: 1356 daAuts
     D:1: 1078 daAuts
     D:4: 757 daAuts
     D:9: 597 daAuts
  Temple: 8 daAuts
